[Event "*** Titled Tuesday 3|2 Blitz"]
[Site "Chess.com"]
[Date "2016.10.04"]
[Round "6"]
[White "daro94"]
[Black "APL2001"]
[Result "1-0"]
[WhiteElo "2656"]
[BlackElo "2439"]
[TimeControl "180+2"]
[EndTime "12:14:34 PDT"]
[Termination "daro94 won by resignation"]

1. d4 d5 2. Nf3 Nf6 3. c4 c6 4. e3 e6 5. Bd3 Nbd7 6. O-O dxc4 7. Bxc4 b5 8. Bd3 Bb7 9. e4 a6 10. a4 b4 11. Re1 Be7 12. Bg5 h6 13. Bh4 O-O 14.
Nbd2 c5 15. e5 Nd5 16. Bxe7 Qxe7 17. Nc4 cxd4 18. Bc2 Nc5 19. Qxd4 b3 20. Bb1 Nb4 21. Nd6 Bxf3 22. gxf3 Qg5+ 23. Kh1 Qh5 24.
Qxb4 Qxf3+ 25. Kg1 Nd7 26. Qe4 Qxe4 27. Bxe4 Rad8 28.
f4 f6 29. Bc6 fxe5 30. Nb7 Rb8 31. Bxd7 Rxb7 32. Bxe6+ Kh8 33. f5 Rd8 34. Rad1 Rd4 35. Rxd4 exd4 36. Rd1 Rb4 37. a5 Kh7 38. Kf2 h5 39.
Kf3 Kh6 40. Ke4 Ra4 41. Rxd4 Rxa5 42. h4 Rb5 43. Rd8 Kh7 44. Kf4 a5 45. Kg5 Rc5 46.
Bg8+ Kh8 47. Bf7+ 1-0

[Event "*** Titled Tuesday 3|2 Blitz"]
[Site "Chess.com"]
[Date "2016.10.04"]
[Round "6"]
[White "Malev212"]
[Black "Mugzyyy"]
[Result "1-0"]
[WhiteElo "2347"]
[BlackElo "2445"]
[TimeControl "180+2"]
[EndTime "12:14:35 PDT"]
[Termination "Malev212 won by resignation"]

1. Nf3 Nc6 2. g3 e5 3. d3 f5 4.
Bg2 Nf6 5. O-O g6 6. Nc3 Bg7 7. e4 O-O 8. exf5 gxf5 9. d4 e4 10.
Nh4 d6 11. d5 Ne5 12. f3 exf3 13. Nxf3 c6 14. Nh4 Nfg4 15. Kh1 c5 16. h3 Nh6 17. Ne2 b5 18. Nf4 Qf6 19. Nh5 Qf7 20. Bf4 Bd7 21. Nxg7 Qxg7 22. Qh5 Nhf7 23. Nxf5 Bxf5 24. Qxf5 Rae8 25.
Rae1 Re7 26. Qh5 Rfe8 27. b3 Ng6 28. Re6 Rxe6 29. dxe6 Rxe6 30. Bd5 Rf6 31. Re1 Kf8 32. Qe2 Nge5 33. Qxb5 Qg6 34. Qb8+ Kg7 35. Qxa7 Qh5 36. Kg2 Ng6 37. Bf3 Qf5 38. Re2 Nxf4+ 39. gxf4 Qxf4 40. Qb7 Rg6+ 41. Kf1 Qd4 42. Rf2 Qa1+ 43.
Ke2 Qc1 44. Be4 Rg1 45. Qxf7+ Kh6 46. Qf6+ Kh5 47. Bf3+ 1-0

[Event "*** Titled Tuesday 3|2 Blitz"]
[Site "Chess.com"]
[Date "2016.10.04"]
[Round "6"]
[White "RodinMihail"]
[Black "Houdinovic"]
[Result "0-1"]
[WhiteElo "2343"]
[BlackElo "2332"]
[TimeControl "180+2"]
[EndTime "12:14:36 PDT"]
[Termination "Houdinovic won by checkmate"]

1. e4 e6 2. d4 d5 3. Nd2 Nc6 4.
c3 e5 5. exd5 Qxd5 6. Ngf3 exd4 7.
Bc4 Qf5 8. O-O Be6 9. Bxe6 fxe6 10. cxd4 O-O-O 11. Qa4 Qa5 12. Qxa5 Nxa5 13. Ng5 Rd7 14. Nxe6 Nf6 15. Nxf8 Rxf8 16. Nf3 Re8 17. b3 Nc6 18. Be3 Nd5 19. Rfe1 Ncb4 20. Bd2 Rxe1+ 21. Rxe1 Nxa2 22. Ra1 Nab4 23. Rxa7 Kb8 24. Ra4 Nc6 25. Kf1 Nb6 26. Ra3 Nxd4 27. Nxd4 Rxd4 28. Bc3 Rd7 29. Ra5 Nd5 30.
Bd2 b6 31. Ra4 Kb7 32. Ke2 c5 33. Rh4 g6 34. Re4 b5 35. f4 Kc6 36. g4 Re7 37. Rxe7 Nxe7 38. Kd3 Kd5 39. Bc3 Nc6 40. h4 b4 41. Bf6 Na5 42. Kc2 c4 43. bxc4+ Nxc4 44. Kb3 Ne3 45. g5 Ke4 46. Be5 Nd5 47. Bd6 Kf5 48. Kc4 Nxf4 49. Kxb4 Ng2 50. Kc4 Nxh4 51. Be7 Nf3 52. Kd3 Nxg5 53. Ke3 h5 54. Kf2 Ne4+ 55. Kf3 g5 56. Bd8 h4 57. Ke3 h3 58. Kf3 g4+ 59.
Ke3 h2 60. Bc7 h1=Q 61. Kd4 Qd1+ 62. Kc4 Qc2+ 63. Kd5 Qc5# 0-1

[Event "*** Titled Tuesday 3|2 Blitz"]
[Site "Chess.com"]
[Date "2016.10.04"]
[Round "6"]
[White "QuintilianoR"]
[Black "ilya261991"]
[Result "0-1"]
[WhiteElo "2410"]
[BlackElo "2481"]
[TimeControl "180+2"]
[EndTime "12:14:37 PDT"]
[Termination "ilya261991 won by checkmate"]

1. d4 Nf6 2. Bf4 Rg8 3. Nf3 d6 4. c4 Nc6 5. d5 Nb8 6. Nc3 e5 7.
dxe6 Bxe6 8. e3 Nc6 9. Be2 h6 10. h3 g5 11. Bh2 Qd7 12. Nd4 Nxd4 13. exd4 d5 14. Be5 Be7 15. c5 c6 16. O-O Nh7 17. Bd3 Nf8 18. Qh5 g4 19. h4 Ng6 20. Rae1 Nxh4 21. Bh7 O-O-O 22. Bxg8 Rxg8 23. Qxh6 b6 24. cxb6 axb6 25. Bg3 Nf5 26. Qf4 Bd6 27. Qd2 Nxg3 28. fxg3 Bxg3 29. Re2 Qe7 30. Re3 Qh4 31. Rxg3 Qxg3 32.
Ne2 Qh4 33. Qd3 Rh8 34. Qa6+ Kc7 35. Qa7+ Kd6 36. Qxb6 Rh6 37. Rc1 Qh1+ 38. Kf2 Rf6+ 39. Kg3 Rf3+ 40. gxf3 Qxf3+ 41. Kh4 Qf2+ 42. Kg5 Qf5+ 43.
Kh4 Qf2+ 44. Ng3 Qh2+ 45. Kg5 Qd2+ 46. Kf6 Qh6# 0-1

[Event "*** Titled Tuesday 3|2 Blitz"]
[Site "Chess.com"]
[Date "2016.10.04"]
[Round "6"]
[White "Zhani-Z"]
[Black "Rumpel-VK"]
[Result "1-0"]
[WhiteElo "2340"]
[BlackElo "2467"]
[TimeControl "180+2"]
[EndTime "12:14:45 PDT"]
[Termination "Zhani-Z won on time"]

1. e4 d6 2. d4 Nf6 3. Nc3 e5 4.
Nf3 Nbd7 5. Bc4 Be7 6. O-O O-O 7. Re1 c6 8. a4 exd4 9. Nxd4 Ne5 10.
Ba2 Re8 11. f4 Ng6 12. h3 Bd7 13. Qd3 Qc7 14. Bd2 Bf8 15. Rad1 Rad8 16. Bc1 Bc8 17. Qf3 a5 18. Kh1 Re7 19. g4 d5 20. e5 Ne4 21. Nxe4 dxe4 22. Qxe4 Ree8 23. Nf5 Rxd1 24. Rxd1 Be6 25. Bxe6 Rxe6 26. Qc4 Re8 27. Be3 Rd8 28. Rxd8 Qxd8 29. Qd3 Qe8 30. Nd6 Qd7 31. c4 f6 32. Qf5 Qe7 33. c5 fxe5 34. Qe4 exf4 35.
Qc4+ Kh8 36. Nf7+ Qxf7 37. Qxf7 fxe3 38. Qe8 Kg8 39. Qe6+ Kh8 40. Qxe3 h6 41. Qe8 Kh7 42. Qe4 Bxc5 43. h4 1-0

[Event "*** Titled Tuesday 3|2 Blitz"]
[Site "Chess.com"]
[Date "2016.10.04"]
[Round "6"]
[White "LuckyTiger"]
[Black "jcibarra"]
[Result "0-1"]
[WhiteElo "2569"]
[BlackElo "2704"]
[TimeControl "180+2"]
[EndTime "12:14:49 PDT"]
[Termination "jcibarra won by resignation"]

1. e4 e5 2. Nf3 Nc6 3. Bb5 g6 4. c3 a6 5. Bc4 Bg7 6. d4 d6 7. Be3 Nf6 8. dxe5 dxe5 9. Qxd8+ Nxd8 10. Nbd2 b5 11. Bb3 Bb7 12. Bc2 Nd7 13. a4 Ne6 14. Nb3 O-O 15. Na5 Bc8 16. Ke2 Ndc5 17. Rhd1 Nxa4 18.
Bxa4 bxa4 19. Rxa4 f6 20. Ne1 Rd8 21. Rxd8+ Nxd8 22. Rc4 Ne6 23. Nd3 Bd7 24. Nc5 Nxc5 25. Rxc5 Rc8 26.
Rd5 Be8 27. Bc5 Kf7 28. b4 Ke6 29. f3 h5 30. Nb7 Bb5+ 31. Ke1 Kf7 32. Nd8+ Ke8 33.
Ne6 Bh6 34. Bf2 Bc4 35. Nc5 Bxd5 36. exd5 Ra8 37. Ke2 Bf8 38. Ne6 Kd7 39. f4 Bd6 40. fxe5 fxe5 41. Be1 a5 42. bxa5 Rxa5 43. c4 Ra2+ 44.
Kf3 e4+ 45. Ke3 Bxh2 46. c5 c6 47. Nf8+ Ke7 48. Nxg6+ Kf6 49. Nf4 Bxf4+ 50. Kxf4 cxd5 51. Bc3+ Ke6 0-1

[Event "*** Titled Tuesday 3|2 Blitz"]
[Site "Chess.com"]
[Date "2016.10.04"]
[Round "6"]
[White "Noukii"]
[Black "dabee"]
[Result "0-1"]
[WhiteElo "2606"]
[BlackElo "2477"]
[TimeControl "180+2"]
[EndTime "12:14:57 PDT"]
[Termination "dabee won by resignation"]

1. d4 d5 2. c4 e6 3. Nf3 c6 4. Nc3 f5 5. Bf4 Nf6 6. e3 Be7 7. Bd3 O-O 8. Qc2 Ne4 9. g4 Bb4 10. Ke2 Nd7 11. gxf5 exf5 12. cxd5 Bxc3 13. dxc6 Ba5 14.
cxd7 Bxd7 15. Qb3+ Kh8 16. Rhg1 Bc7 17. Bxc7 Qxc7 18.
Ne5 Bc6 19. f3 Nc5 20. Qc4 Nxd3 21. Qxd3 f4 22. e4 Qb6 23. Nxc6 Qxb2+ 24. Qd2 Qb5+ 25. Kf2 Qxc6 26. Rg4 Rad8 27. Kg2 h6 28. h4 Qf6 29. Rd1 Rc8 30. d5 Qe5 31. Qd4 Rc2+ 32. Kh3 Qxd4 33.
Rxd4 Rc3 34. Kg2 Rc2+ 35. Kf1 Rxa2 36. Rg2 Rxg2 37. Kxg2 Kg8 38. e5 Kf7 39. Rxf4+ Ke7 40. Rb4 Rb8 41. f4 b5 42. f5 a5 43. Rg4 Kf7 44.
d6 b4 45. e6+ Kf6 46. d7 b3 47. Re4 b2 48. Re1 Ke7 49. Kg3 b1=Q 50. Rxb1 Rxb1 51.
Kg4 a4 52. Kh5 Rg1 53. f6+ gxf6 0-1

[Event "*** Titled Tuesday 3|2 Blitz"]
[Site "Chess.com"]
[Date "2016.10.04"]
[Round "6"]
[White "Sanan_Sjugirov"]
[Black "Gergo85"]
[Result "1-0"]
[WhiteElo "2685"]
[BlackElo "2445"]
[TimeControl "180+2"]
[EndTime "12:15:18 PDT"]
[Termination "Sanan_Sjugirov won by resignation"]

1. d4 f5 2. Nf3 Nf6 3. c4 g6 4. Nc3 Bg7 5. e3 O-O 6. Be2 e6 7. O-O d5 8. b4 c6 9. a4 Ne4 10. Qb3 Nd7 11. Ba3 Rf7 12. Rac1 g5 13. Rfd1 g4 14.
Ne1 Ndf6 15. Nd3 Nxc3 16. Qxc3 Ne4 17. Qb3 Bd7 18. b5 Qh4 19. cxd5 exd5 20. a5 a6 21. bxa6 bxa6 22. g3 Qd8 23. Qb6 h5 24. Qxd8+ Rxd8 25. Nc5 Nxc5 26. Bxc5 Bc8 27. Rb1 Bf8 28. Bxf8 Kxf8 29.
Rb8 Ke8 30. Rdb1 Ra7 31. Bd3 Bd7 32. Rxd8+ Kxd8 33. Rb6 Kc7 34. Kf1 Rb7 35. Rxb7+ Kxb7 36. Ke2 Bc8 37. Bc2 c5 38. Ba4 c4 39. Kd2 Kc7 40. Be8 Bd7 41. Bxh5 Kd6 42. f3 Ke7 43. fxg4 fxg4 44. Bg6 Kf6 45. Bc2 Ke6 46. e4 Kd6 47. Kc3 Be6 48. Kb4 Bf7 49. Kc3 Ke7 50. exd5 Bxd5 51. Bd1 Be6 52. Be2 Kd6 53. Bxc4 Bc8 54. Kd3 Bb7 55. Ke3 Bc6 1-0

[Event "*** Titled Tuesday 3|2 Blitz"]
[Site "Chess.com"]
[Date "2016.10.04"]
[Round "6"]
[White "ftorodent"]
[Black "LyonBeast"]
[Result "0-1"]
[WhiteElo "2512"]
[BlackElo "2727"]
[TimeControl "180+2"]
[EndTime "12:15:24 PDT"]
[Termination "LyonBeast won on time"]

1. d4 Nf6 2. c4 g6 3. Nc3 d5 4.
Nf3 Bg7 5. cxd5 Nxd5 6. Bg5 c5 7. Rc1 h6 8. Bh4 Nxc3 9. bxc3 Qa5 10. Qd2 Bf5 11.
e3 Nd7 12. Be2 g5 13. Bg3 O-O 14. O-O Rac8 15. Qb2 Nb6 16. h4 Bf6 17. hxg5 hxg5 18. Nd2 Na4 19. Qa3 b5 20. e4 Be6 21. e5 Bg7 22.
Ne4 cxd4 23. cxd4 b4 24. Qe3 Nc3 25. Bd3 Qxa2 26. Qxg5 Nxe4 27. Bxe4 Rxc1 28. Rxc1 Re8 29. Rd1 b3 30. d5 Bc8 31. e6 Qe2 32. Bf3 Qc2 33.
exf7+ Kxf7 34. Bh5+ Kf8 35. Be5 Bxe5 36. Qxe5 Qh7 37. Rd4 Rd8 38. Rf4+ Kg8 39. Rf3 b2 40. Rg3+ Kf8 41. Qf4+ Bf5 42. Rb3 Qxh5 43. Rxb2 Rxd5 44. f3 Kg7 45. g4 Qh4 46. Kg2 Bg6 47. Re2 a5 48.
Qe3 Kf8 49. Qe6 Rd6 50. Qc8+ Be8 51. Qc5 a4 0-1

[Event "*** Titled Tuesday 3|2 Blitz"]
[Site "Chess.com"]
[Date "2016.10.04"]
[Round "6"]
[White "ChessWarrior7197"]
[Black "gmjoey1"]
[Result "1-0"]
[WhiteElo "2484"]
[BlackElo "2533"]
[TimeControl "180+2"]
[EndTime "12:15:35 PDT"]
[Termination "ChessWarrior7197 won on time"]

1. e4 c6 2. d4 d5 3. Nc3 dxe4 4. Nxe4 Bf5 5. Ng3 Bg6 6. h4 h6 7. Nf3 Nd7 8. h5 Bh7 9. Bd3 Bxd3 10. Qxd3 e6 11. Bd2 Ngf6 12. O-O-O Be7 13. Kb1 Qb6 14.
Ne4 Nxe4 15. Qxe4 a5 16. Bc1 a4 17. Ne5 Nf6 18. Qf3 Rd8 19. c3 O-O 20. g4 a3 21. b3 Nd5 22. c4 Nb4 23. Qc3 c5 24. dxc5 Bxc5 25. Nd7 Rxd7 26. Rxd7 Nc6 27. Rhd1 Bb4 28.
Qc2 Ne5 29. Be3 Qc6 30. Rd8 Nxg4 31. Rxf8+ Bxf8 32. Bc1 Qf3 33. Rd8 Qf6 34. Ra8 Qe5 35. Bxa3 Qe1+ 36. Bc1 Nxf2 37. a4 Nd1 38. Bd2 Qh1 39. Ka2 b5 40. Rb8 bxc4 41. bxc4 Qh2 42. Rxf8+ Kxf8 43. Qxd1 Ke8 44. a5 Qd6 45. Qa4+ Kd8 46.
Qb4 Qxb4 47. Bxb4 g5 48. a6 Kc7 49. Bf8 g4 50. Bxh6 e5 51. Be3 f5 52. h6 f4 53. h7 fxe3 54. h8=Q e2 55. Qxe5+ 1-0

[Event "*** Titled Tuesday 3|2 Blitz"]
[Site "Chess.com"]
[Date "2016.10.04"]
[Round "6"]
[White "LonesomeGeorge1"]
[Black "Wolverine_master"]
[Result "0-1"]
[WhiteElo "2168"]
[BlackElo "2065"]
[TimeControl "180+2"]
[EndTime "12:15:35 PDT"]
[Termination "Wolverine_master won by resignation"]

1. e4 d5 2. exd5 Qxd5 3. Nc3 Qd6 4. d4 Nf6 5. Nf3 a6 6. g3 Bg4 7. Bg2 Nc6 8. d5 Ne5 9. Bf4 Bxf3 10. Bxf3 Nxf3+ 11. Qxf3 Qb6 12. O-O-O O-O-O 13. Rd3 g6 14. Re1 h5 15. h3 Rd7 16. Be3 Qa5 17. Rd4 Bh6 18. Ra4 Bxe3+ 19. Qxe3 Qb6 20. Qxb6 cxb6 21. Rd4 Rhd8 22. Rd3 Nxd5 23. Nxd5 Rxd5 24. Rxd5 Rxd5 25. Rxe7 Rf5 26. Re2 Kc7 27. h4 b5 28. Kd2 Kd6 29. Kd3 a5 30. f4 Rd5+ 31. Ke4 Rc5 32. Rd2+ Ke6 33. c3 a4 34. a3 f5+ 35. Kf3 Rd5 36.
Re2+ Kd7 37. Ke3 Kd6 38. Rc2 Kc5 39. Kf3 Kc4 40. Re2 Kb3 41. Ke3 Rd1 42. Kf3 Rb1 43.
Re5 Rxb2 44. Rxb5+ Kxa3 45. Re5 Ka2 46. Re6 a3 47. Rxg6 Kb1 48. Re6 a2 49. Re1+ Kc2 50.
Ra1 Kb3 51. Ke3 Rb1 52. Rxa2 Kxa2 53. Kd4 Kb3 54. Ke5 Rg1 55. Kxf5 Rxg3 56. Ke6 Kxc3 57. f5 b5 58. f6 b4 59. f7 Rf3 60. f8=Q 0-1

[Event "*** Titled Tuesday 3|2 Blitz"]
[Site "Chess.com"]
[Date "2016.10.04"]
[Round "6"]
[White "Blitzstream"]
[Black "GM_Levan_Pantsulaia"]
[Result "1/2-1/2"]
[WhiteElo "2543"]
[BlackElo "2493"]
[TimeControl "180+2"]
[EndTime "12:15:50 PDT"]
[Termination "Game drawn by stalemate"]

1. d4 Nf6 2. Bg5 e6 3. e4 c5 4. Nc3 cxd4 5. Qxd4 Nc6 6. Qd2 h6 7.
Bh4 Bb4 8. Bd3 Qa5 9. Nge2 Be7 10. O-O-O Nxe4 11. Nxe4 Qxd2+ 12. Rxd2 Bxh4 13. Nd6+ Ke7 14. Be4 f5 15. Bxc6 bxc6 16. g3 Bg5 17. f4 Bf6 18.
Re1 Ba6 19. Ng1 g6 20. Nf3 Rab8 21. Ne5 Bxe5 22. Rxe5 Kf6 23. c4 Rb6 24. Ra5 c5 25. Rxc5 Rc6 26. Rxc6 dxc6 27. b4 g5 28. b5 cxb5 29.
cxb5 Bc8 30. Rc2 Bd7 31. Rc7 Ke7 32. Nb7 gxf4 33. gxf4 Rc8 34. Rxc8 Bxc8 35. Nc5 Kd6 36. Nd3 Kd5 37. a4 Kc4 38. Ne5+ Kb4 39. Nc6+ Kxa4 40. Nxa7 Bb7 41. Nc6 Kxb5 42. Nd4+ Kc4 43. Nxe6 Kd3 44. Nc5+ Ke3 45. Nxb7 Kxf4 46. Kd2 Kf3 47. Nc5 f4 48. Nd3 h5 49. Ke1 Kg2 50. Nxf4+ Kxh2 51. Kf2 h4 52.
Ne2 Kh3 53. Kf3 Kh2 54. Kf2 Kh3 55. Kf3 Kh2 56. Nf4 Kg1 57. Ke2 Kh2 58. Kf2 Kh1 59.
Nh3 Kh2 60. Ng1 Kh1 61. Nf3 h3 62. Nd2 h2 63. Ne4 1/2-1/2

[Event "*** Titled Tuesday 3|2 Blitz"]
[Site "Chess.com"]
[Date "2016.10.04"]
[Round "6"]
[White "BellJackson95"]
[Black "stuffings101"]
[Result "1-0"]
[WhiteElo "2317"]
[BlackElo "2120"]
[TimeControl "180+2"]
[EndTime "12:15:56 PDT"]
[Termination "BellJackson95 won on time"]

1. e4 d6 2. d4 Nf6 3. Nc3 g6 4. f4 Bg7 5. Nf3 O-O 6. e5 Nfd7 7. h4 c5 8. h5 cxd4 9. Qxd4 dxe5 10. Qf2 e4 11.
Ng5 Nf6 12. hxg6 hxg6 13. Qh4 Re8 14. Bd2 Nc6 15. O-O-O Qa5 16. Kb1 Bg4 17. Ncxe4 Qb6 18. Nxf6+ exf6 19. Qh7+ Kf8 20. Bc3 Bxd1 21. Bc4 Ne5 22.
fxe5 fxg5 23. Rxd1 Rac8 24. Bb3 Rxc3 25. bxc3 Rxe5 26.
Rf1 Re7 27. Qh3 Qc7 28. Qd3 Bxc3 29. Qxg6 Re1+ 30. Rxe1 fxg6 31. Rf1+ Ke8 32. Kc1 Be5 33. Kd2 Qc3+ 34. Ke2 Bf4 35. Rf3 Qd2+ 36. Kf1 g4 37.
Rd3 Qc1+ 38. Kf2 g3+ 39. Kf3 g5 40. Rd5 Qf1+ 41. Kg4 Qxg2 42. Kf5 Qh3+ 43. Kf6 g2 44. Ba4+ b5 45. Bxb5+ Qd7 46. Bxd7+ Kf8 47. Be6 1-0

[Event "*** Titled Tuesday 3|2 Blitz"]
[Site "Chess.com"]
[Date "2016.10.04"]
[Round "6"]
[White "andretta"]
[Black "CheckThis4"]
[Result "1-0"]
[WhiteElo "2257"]
[BlackElo "2331"]
[TimeControl "180+2"]
[EndTime "12:16:05 PDT"]
[Termination "andretta won by checkmate"]

1. b3 d5 2. Bb2 Nf6 3. Bxf6 exf6 4. e3 c6 5. d4 f5 6. g3 Nd7 7. Bg2 Nf6 8. Ne2 Be6 9. O-O Bd6 10. Nd2 h5 11. h4 Ng4 12. c4 g5 13. cxd5 Bxd5 14. Bxd5 cxd5 15. Nf3 f6 16. Qc2 Qd7 17. Rac1 Rg8 18. Nc3 Ba3 19. Rce1 Rc8 20. Qd3 Bb4 21. Rc1 Bxc3 22. Rxc3 Rxc3 23. Qxc3 f4 24. exf4 gxf4 25. Re1+ Kf7 26. Qd3 Rg7 27. Kg2 fxg3 28. fxg3 Nh6 29.
Rf1 Kg8 30. Nh2 Qe6 31. Qf3 Qe4 32. Qxe4 dxe4 33. Rxf6 Kh7 34. Nf1 Ng4 35. Re6 Rf7 36.
Rxe4 Rf2+ 37. Kg1 Rxa2 38. d5 Kg6 39. d6 Nf6 40. Re6 Ra1 41. Kf2 Kf5 42. Re7 Ne4+ 43.
Rxe4 Kxe4 44. Nd2+ Kd3 45. d7 Kxd2 46. d8=Q+ Kc1 47.
Qg5+ Kb2 48. Qxh5 Kxb3 49. Qd5+ Kc3 50. Qxb7 Ra2+ 51. Kf3 a5 52. h5 a4 53. h6 a3 54.
h7 Kc2 55. h8=Q Rb2 56. Qc6+ Kb1 57. Qh1+ Ka2 58. Qc4+ Rb3+ 59. Qxb3+ Kxb3 60. Qa1 a2 61. g4 Kc2 62. g5 Kd3 63. g6 Kd2 64. g7 Kd3 65.
g8=Q Kd2 66. Qgxa2+ Kd3 67. Qa6+ Kc2 68. Q1a3 Kb1 69.
Qb5+ Kc2 70. Qbb2+ Kd1 71. Qaa1# 1-0

[Event "*** Titled Tuesday 3|2 Blitz"]
[Site "Chess.com"]
[Date "2016.10.04"]
[Round "6"]
[White "Hieronymus00"]
[Black "underdogchss"]
[Result "1-0"]
[WhiteElo "2178"]
[BlackElo "2364"]
[TimeControl "180+2"]
[EndTime "12:16:33 PDT"]
[Termination "Hieronymus00 won by resignation"]

1. e4 d6 2. d4 Nf6 3. Nc3 g6 4.
Nf3 Bg7 5. Bf4 O-O 6. Qd2 Re8 7.
O-O-O d5 8. e5 Ne4 9. Nxe4 dxe4 10. Ng5 f5 11. exf6 exf6 12. Bc4+ Kf8 13. Nxh7+ Ke7 14.
Rhe1 Bf5 15. g4 Bxg4 16. Rxe4+ Kd7 17. Rde1 Rxe4 18. Rxe4 Bf5 19. Re1 Qh8 20. Qe3 Nc6 21. d5 Ne5 22. Bb5+ c6 23. dxc6+ bxc6 24. Rd1+ Kc7 25.
Qc5 Qe8 26. Ba6 Rb8 27. Qd6+ Kb6 28. Be3+ Kxa6 29. Qa3+ Kb7 30. Qxa7+ Kc8 31. Bb6 Nd3+ 32. cxd3 Qd7 33. Qxd7+ Kxd7 34. Bd4 Rh8 35. Nxf6+ Bxf6 36. Bxf6 Rxh2 37. Bd4 Rh4 38. Be3 Ra4 39. a3 Kd6 40. Kc2 Ra8 41. Kc3 c5 42. Rh1 Rd8 43. d4 cxd4+ 44.
Bxd4 Kd5 45. Be3 Rc8+ 46. Kb3 Rb8+ 47. Ka2 Bc2 48. Rh4 Ke6 49. b4 Kd5 50. Kb2 Be4 51.
Kc3 Rc8+ 52. Bc5 Ra8 53. Rh7 Rxa3+ 54. Kb2 Rf3 55. Rd7+ Kc4 56. Rd4+ Kb5 57. Rxe4 Ka4 58. Kc2 Kb5 59. Kd2 Kc6 60. Re6+ Kd5 61. Rxg6 Rf5 62. Ke3 Re5+ 63. Kd3 Rf5 64. Rd6+ Ke5 65. Rg6 Kd5 66.
Ke2 Re5+ 67. Be3 Kc4 68. Rb6 Re8 69. f4 Rh8 70. Kf3 Rh3+ 71. Ke4 Rh1 72. f5 Rf1 73. Rb8 Kb3 74. b5 1-0

[Event "*** Titled Tuesday 3|2 Blitz"]
[Site "Chess.com"]
[Date "2016.10.04"]
[Round "6"]
[White "dusanacns"]
[Black "wonderfultime"]
[Result "0-1"]
[WhiteElo "2556"]
[BlackElo "2699"]
[TimeControl "180+2"]
[EndTime "12:16:34 PDT"]
[Termination "wonderfultime won on time"]

1. e4 c5 2. Nf3 d6 3. Bb5+ Nd7 4. c3 Nf6 5. Qe2 a6 6. Ba4 e6 7. O-O Be7 8. d4 cxd4 9. cxd4 O-O 10. Nc3 b5 11. Bc2 Bb7 12. a3 Rc8 13. Re1 Nb6 14.
Bd3 Re8 15. Bg5 Nfd7 16. h4 Nf8 17. a4 b4 18. Na2 a5 19. Nc1 Bxg5 20. Nxg5 h6 21.
Nf3 Nbd7 22. Bb5 Qb6 23. Nb3 Red8 24. Nfd2 d5 25. e5 Nb8 26. Nc5 Nfd7 27. Bxd7 Nxd7 28. Ndb3 Bc6 29. Nxd7 Bxd7 30. Nc5 Be8 31. Rac1 Rc6 32. b3 Qa7 33. h5 Qe7 34. Qg4 Rdc8 35. f4 Bd7 36. Kh2 Rf8 37. Re3 Bc8 38. Rce1 f5 39. exf6 Qxf6 40. Nd3 Qxd4 41. Ne5 Rc3 42. Rxc3 bxc3 43.
Ng6 Rf7 44. Rd1 Qe3 45. Qg3 c2 46. Qxe3 cxd1=Q 47. Qe5 Qg4 48. Kg1 Qd1+ 49. Kh2 Kh7 50. Kg3 Qd3+ 51. Kf2 Qc2+ 52. Kg3 Qf5 53. Qb8 Qxh5 54.
Ne5 Rf8 55. Qd6 Qf5 56. Nf3 Qg6+ 57. Kf2 Qf6 58. g3 Qd8 59. Qc5 Qf6 60. Ne5 Ba6 61. Ng4 Qb2+ 62. Kg1 Rf7 63. Ne5 Rb7 64. Qf8 Qb1+ 65.
Kh2 Qc2+ 66. Kh3 Qf5+ 67. Qxf5+ exf5 0-1

[Event "*** Titled Tuesday 3|2 Blitz"]
[Site "Chess.com"]
[Date "2016.10.04"]
[Round "6"]
[White "ChessSkool"]
[Black "Usurpov"]
[Result "1-0"]
[WhiteElo "2447"]
[BlackElo "2286"]
[TimeControl "180+2"]
[EndTime "12:16:36 PDT"]
[Termination "ChessSkool won by resignation"]

1. Nf3 Nf6 2. g3 g6 3. Bg2 Bg7 4. O-O O-O 5. d4 d5 6. c4 dxc4 7. Na3 Nc6 8. Nxc4 Be6 9. b3 Bd5 10. e3 a5 11. a4 Nb4 12. Ba3 c6 13. Rc1 b5 14. axb5 cxb5 15. Bxb4 bxc4 16. bxc4 Bxf3 17. Qxf3 axb4 18. Qxa8 Qxa8 19. Bxa8 Rxa8 20. Rb1 Rb8 21. Rb2 e5 22. Rfb1 exd4 23. Rxb4 Rxb4 24. Rxb4 Bf8 25. Rb8 dxe3 26. fxe3 Ne4 27. Re8 f5 28. Rc8 Kf7 29. Kf1 h5 30. Ke2 Bd6 31. Kd3 Ke6 32.
Rg8 Kf7 33. Ra8 h4 34. gxh4 Bxh2 35. Kd4 Bd6 36. Kd5 Bc5 37. Rh8 Kg7 38. Re8 Bxe3 39. Ke5 Bc5 40. h5 Bd6+ 41. Ke6 gxh5 42. Kxf5 Ng3+ 43. Kg5 Kf7 44. Re3 Be7+ 45. Kf4 Bd6+ 46. Kg5 Be7+ 47. Kf4 Bd6+ 48. Kf3 Nf5 49. Re1 Ne7 50.
Rh1 Kg6 51. Ke4 Bb4 52. Ke5 Nc6+ 53. Kd5 Ne7+ 54. Ke6 Nc6 55. Rg1+ Kh6 56. Kd5 Na5 57. Rb1 Nxc4 58. Rxb4 Ne3+ 59. Ke5 Kg5 60. Rb8 Ng4+ 61.
Ke4 Kh4 62. Kf4 Nh6 63. Rb1 Kh3 64. Rh1+ Kg2 65. Rxh5 Nf7 66. Rd5 Kf2 67. Rd2+ Ke1 68.
Rd7 Nh6 69. Kg5 Ng8 70. Rg7 1-0

[Event "*** Titled Tuesday 3|2 Blitz"]
[Site "Chess.com"]
[Date "2016.10.04"]
[Round "6"]
[White "Frolyanov_D"]
[Black "MateusViageiro"]
[Result "1/2-1/2"]
[WhiteElo "2409"]
[BlackElo "2310"]
[TimeControl "180+2"]
[EndTime "12:16:44 PDT"]
[Termination "Game drawn by agreement"]

1. e4 c5 2. Nf3 d6 3. d4 cxd4 4.
Nxd4 Nf6 5. Nc3 a6 6. h3 e5 7.
Nb3 Be6 8. Be3 Nc6 9. Qd2 d5 10. exd5 Nxd5 11. Nxd5 Qxd5 12. Qxd5 Bxd5 13. O-O-O O-O-O 14. Bd3 Bxg2 15. Rh2 Bd5 16. Bb6 Re8 17. Bf5+ Be6 18.
Be4 Bd7 19. c3 f5 20. Bd5 Be7 21. f3 e4 22. fxe4 fxe4 23. Nc5 Bf5 24. Re2 e3 25. Nxa6 Bxh3 26. Nc7 Bg4 27. Nxe8 Rxe8 28. Rxe3 Bg5 29. Re1 Bxe3+ 30. Bxe3 h5 31. c4 Ne5 32. Kd2 Nf3+ 33. Bxf3 Bxf3 34. Rg1 h4 35. Rxg7 Rd8+ 36. Kc3 h3 37.
Bf4 Rf8 38. Bd6 Rf6 39. Bh2 Bc6 40. Rc7+ Kd8 41. Rh7 Rf3+ 42. Kd4 Bd7 43. b4 Rf2 44. Bd6 Rxa2 45. Rh8+ Be8 46. Rxh3 Kd7 47. c5 Kc6 48. Rh7 Rd2+ 49. Kc3 Rd3+ 50. Kb2 b5 51. Rc7+ Kd5 52. Re7 Bg6 53. Rg7 Be4 54. Rg5+ Kc4 55. Bg3 Rd2+ 56.
Kc1 Rc2+ 57. Kd1 Ra2 58. c6 Kd3 59. Ke1 Bxc6 60. Rc5 Ra1+ 61. Kf2 Ra2+ 62. Ke1 Bf3 63. Bf4 Ke4 64. Bg5 Be2 65. Kf2 Bc4+ 66. Kg3 Rb2 67. Be7 Rxb4 68. Re5+ Kxe5 69. Bxb4 Kd4 70. Kf4 1/2-1/2

[Event "*** Titled Tuesday 3|2 Blitz"]
[Site "Chess.com"]
[Date "2016.10.04"]
[Round "6"]
[White "hansen"]
[Black "Semetey"]
[Result "1-0"]
[WhiteElo "2626"]
[BlackElo "2420"]
[TimeControl "180+2"]
[EndTime "12:16:49 PDT"]
[Termination "hansen won by checkmate"]

1. e4 d6 2. d4 Nf6 3. Nc3 Nbd7 4.
Nf3 e5 5. Bc4 Be7 6. O-O O-O 7. Re1 c6 8. a4 Qc7 9. h3 exd4 10. Nxd4 Ne5 11. Ba2 Re8 12. a5 Bd7 13. f4 Ng6 14. Nf3 Bf8 15. Ng5 Re7 16. Qd3 Rae8 17. Bd2 d5 18. e5 Nh5 19. Qf3 h6 20. Qxh5 hxg5 21. Qxg5 Bc8 22. Ne2 Re6 23. Nd4 Bc5 24. Be3 Bxd4 25. Bxd4 R6e7 26. f5 Nxe5 27. f6 Nf3+ 28. gxf3 Rxe1+ 29. Rxe1 Rxe1+ 30. Kf2 Qh2+ 31. Kxe1 g6 32. Qe5 Qh1+ 33. Kf2 Be6 34. Bc5 Qxh3 35. Qd6 Qh4+ 36. Ke3 Qxf6 37. Bd4 Qg5+ 38. Qf4 Qg1+ 39. Kd3 Bf5+ 40. Kc3 Qe1+ 41. Qd2 Qa1 42. Kb3 Qf1 43. Ka3 Qb5 44. Bxa7 Be6 45. b4 Qf1 46. Bd4 Qxf3+ 47. c3 Qh1 48. Kb2 Bf5 49. Qe2 Be4 50. Qf2 Qd1 51. Be3 Qd3 52. Qd2 Qf1 53. Bd4 Qh1 54.
Qf2 Qh5 55. Bb3 Qh1 56. Ba2 Qh5 57. Qf6 Qh2+ 58. Ka3 Qh6 59. Qd8+ Qf8 60. Qxf8+ Kxf8 61. Bf6 Ke8 62. c4 Kd7 63. b5 dxc4 64. b6 Bd5 65. Kb4 Ke6 66. Bxc4 Bxc4 67. Kxc4 Kxf6 68. a6 bxa6 69.
b7 g5 70. b8=Q Kf5 71. Kd4 Kg4 72. Ke3 f5 73. Qh2 f4+ 74. Ke4 a5 75. Qg2+ Kh5 76. Kf5 Kh6 77. Qxg5+ Kh7 78. Kf6 Kh8 79. Qg7# 1-0

[Event "*** Titled Tuesday 3|2 Blitz"]
[Site "Chess.com"]
[Date "2016.10.04"]
[Round "6"]
[White "VMikhalevski"]
[Black "GMHess"]
[Result "0-1"]
[WhiteElo "2469"]
[BlackElo "2585"]
[TimeControl "180+2"]
[EndTime "12:17:01 PDT"]
[Termination "GMHess won by resignation"]

1. Nf3 g6 2. g3 Bg7 3. Bg2 e5 4.
O-O Nc6 5. c4 f5 6. d3 Nf6 7. Nc3 O-O 8. Rb1 d6 9. b4 h6 10. b5 Ne7 11. e3 g5 12. a4 Qe8 13. Ba3 f4 14. exf4 gxf4 15. c5 Nf5 16. Re1 Qh5 17. cxd6 fxg3 18. hxg3 cxd6 19. Ne4 Ng4 20.
Nxd6 Nd4 21. Nh4 Bf6 22. Nxc8 Bxh4 23. Re4 Rf4 24. gxf4 Bxf2+ 25. Kf1 Qh4 26. Rxd4 Ne3+ 27. Ke2 Nxd1 28. Ne7+ Kf7 29. Bd5+ Ke8 30. Rxd1 Bxd4 31. Rf1 Qh2+ 32. Kd1 Qh3 33. Rf3 Qh1+ 34. Kc2 Qa1 35. Bd6 Qxa4+ 36. Kd2 Qa5+ 37. Ke2 e4 38. Bxe4 Rd8 39.
Nf5 Bf6 40. Rg3 Rxd6 41. Nxd6+ Kd7 42. Nc4 Qxb5 43. Rg6 Qh5+ 44. Kd2 Qh2+ 45. Ke3 Qh3+ 46. Kd2 Qh2+ 47. Ke3 Be7 48. Bxb7 Bc5+ 49. d4 Qh3+ 50. Ke4 Qh1+ 51. Ke5 Qe1+ 52. Be4 Be7 53. Rg7 a5 54. Nb6+ Ke8 55. Nd5 Bf8 56. Ra7 Bb4 57. Kf5 Qh4 58.
Nf6+ Kd8 59. Rd7+ Kc8 60. Bb7+ Kb8 61. Bd5 Qh3+ 62. Kg6 Qd3+ 63. Be4 Qg3+ 64. Kf5 Qh3+ 65. Ke5 Kc8 66. Bf5 Qe3+ 67. Kd5 Kb8 68. Rf7 Qb3+ 69.
Kc6 Qxf7 70. Nd7+ Ka7 71. Be4 Qc4+ 72. Nc5 Bxc5 73. Bd5 Qxd4 0-1